 Dungeon Crawl Stone Soup version 0.29-a0-664-gff9cad4a3d (webtiles) character file.

Game seed: 7146379557687314938

173 lesaewzxc the Cutter (level 5, -2/33 HPs)
             Began as a Kobold Berserker on June 22, 2022.
             Was a Follower of Trog.
             Slain by an orc
             ... wielding a +0 hand axe
              (5 damage)
             ... on level 3 of the Dungeon.
             The game lasted 00:14:05 (2715 turns).

lesaewzxc the Cutter (Kobold Berserker)             Turns: 2715, Time: 00:14:07

Health: -2/33      AC:  7    Str: 16      XL:     5   Next: 83%
Magic:  6/6        EV: 16    Int:  8      God:    Trog [*.....]
Gold:   0          SH:  0    Dex: 20 (21) Spells: 6/6 levels left

rFire   . . .      SeeInvis .   e - +0 spear
rCold   . . .      Faith    .   (no shield)
rNeg    . . .      Spirit   .   k - +0 leather armour
rPois   .          Reflect  .   m - +0 helmet
rElec   .          Harm     .   (no cloak)
rCorr   +          Rampage  .   f - +2 pair of gloves
Will    .....                   (no boots)
Stlth   ++++......              (no amulet)
HPRegen 0.11/turn               h - ring "Soilitax" {rCorr Dex+6 Stlth+}
MPRegen 0.10/turn               (no ring)

@: on berserk cooldown, slowed, studying Polearms, very slow
A: small, no large weapons, nightstalker 3
a: Renounce Religion, Berserk


You were on level 3 of the Dungeon.
You worshipped Trog.
Trog was aware of your devotion.
You visited 1 branch of the dungeon, and saw 3 of its levels.

You collected 90 gold pieces.
You spent 90 gold pieces at shops.

Inventory:

Hand Weapons
 a - a +0 short sword
 e - a +0 spear (weapon)
Armour
 b - a +0 animal skin
 f - a +2 pair of gloves (worn)
 k - a +0 leather armour (worn)
 m - a +0 helmet (worn)
Jewellery
 h - the ring "Soilitax" (left hand) {rCorr Dex+6 Stlth+}
   (You found it on level 3 of the Dungeon)

   [ring of dexterity]

   Dex:       It affects your dexterity (+6).
   rCorr:     It protects you from acid and corrosion.
   Stlth:     It makes you more stealthy.
Wands
 g - a wand of iceblast (8) (quivered)
Scrolls
 c - 2 scrolls of magic mapping
 d - 2 scrolls of noise
 n - a scroll of teleportation
Potions
 i - a potion of cancellation
 j - a potion of ambrosia {unknown}


   Skills:
 + Level 3.8 Fighting
 - Level 4.4 Short Blades
 * Level 1.4 Polearms
 + Level 2.0 Armour
 * Level 4.1 Dodging
 + Level 2.0 Stealth
 + Level 1.2 Spellcasting
 + Level 1.3 Translocations


You had 6 spell levels left.
You didn't know any spells.
Your spell library contained the following spells:

 Spells                   Type           Power      Damage    Failure   Level
 Gell's Gravitas          Tloc           2%         N/A       63%         3
 Lesser Beckoning         Tloc           2%         N/A       63%         3
 Teleport Other           Tloc           2%         N/A       63%         3


Dungeon Overview and Level Annotations

Branches:
Dungeon (3/15)

Altars:
Zin


Innate Abilities, Weirdness & Mutations

You are small and have problems with some larger weapons.
You are completely attuned to the shadows.


Message History

The orc hits you but does no damage.
You bump into the rock wall.
The orc wizard hits you but does no damage.
The orc misses you. The kobold hits you but does no damage.
You closely miss the orc wizard.
You feel less confused.
The orc wizard hits you with a +1 vampiric dagger.
The orc closely misses you. The kobold closely misses you. The orc misses you.
The orc hits you but does no damage.
The orc wizard hits you with a +1 vampiric dagger.
The kobold hits you with a +0 short sword.
The orc closely misses you.
You hit the orc wizard.
The orc wizard is lightly wounded.
The orc wizard hits you but does no damage.
The orc closely misses you. The kobold hits you but does no damage.
The orc hits you but does no damage.
You completely miss the orc wizard.
The orc wizard is lightly wounded.
The orc wizard mumbles some strange words.
The orc wizard flickers and vanishes!
Deactivating autopickup; reactivate with Ctrl-A.
The orc misses you. The kobold closely misses you.
The orc hits you but does no damage. The orc barely misses you.
Something hits you.
The kobold hits you with a +0 short sword.
The orc closely misses you.
You hit something but do no damage. Something hits you.
The orc hits you with a +0 hand axe.
* * * LOW HITPOINT WARNING * * *
The kobold hits you with a +0 short sword.
* * * LOW HITPOINT WARNING * * *
The orc closely misses you.
You closely miss something. Something barely misses you.
The orc hits you but does no damage. The kobold hits you but does no damage.
The orc closely misses you. Something hits you but does no damage.
The orc hits you with a +0 club.
* * * LOW HITPOINT WARNING * * *
The kobold completely misses you. The orc hits you with a +0 hand axe.
You die...

##.## .#.# ...# ...
...# #.. ....## ..#
##.........##
.####...........## .
...#.............##$.
##.............o{o...
###...........K@#...
##...........## ..
##.........## .
##.......##
#.........#
##.......## ##.....##
##...## #.....#


You could see 2 orcs and a kobold.

Vanquished Creatures
  An orc priest (D:3)
  Ijyb (D:3)
  Robin (D:2)
  3 adders
  2 worms
  2 dart slugs (D:3)
  4 orcs (D:3)
  7 bats
  4 endoplasms
  2 giant cockroaches (D:2)
  13 goblins
  7 hobgoblins
  2 jackals (D:1)
  A ball python (D:2)
  3 frilled lizards
  7 kobolds
  8 rats
68 creatures vanquished.

Notes
Turn   | Place    | Note
-------+----------+-------------------------------------------
     0 | D:1      | lesaewzxc the Kobold Berserker began the quest for the Orb.
     0 | D:1      | Reached XP level 1. HP: 14/14 MP: 1/1
   449 | D:1      | Reached XP level 2. HP: 18/19 MP: 2/2
   555 | D:1      | Reached skill level 1 in Stealth
  1176 | D:2      | Reached XP level 3. HP: 23/23 MP: 3/3
  1529 | D:2      | Noticed Robin
  1540 | D:2      | Reached ** piety under Trog
  1541 | D:2      | Reached XP level 4. HP: 28/28 MP: 4/4
  1551 | D:2      | Killed Robin
  1591 | D:2      | Reached skill level 1 in Translocations
  1610 | D:2      | Reached skill level 1 in Spellcasting
  1731 | D:2      | Identified a scroll of acquirement
  1731 | D:2      | Acquired a manual of Polearms
  2032 | D:3      | Found Zin's Purification Station.
  2034 | D:3      | Found a glowing silver altar of Zin.
  2037 | D:3      | Bought a potion of curing for 90 gold pieces
  2112 | D:3      | Identified the ring "Soilitax" {rCorr Dex+6 Stlth+}
  2136 | D:3      | Noticed Ijyb
  2170 | D:3      | Killed Ijyb
  2171 | D:3      | Reached XP level 5. HP: 17/33 MP: 6/6
  2562 | D:3      | Reached skill level 1 in Polearms
  2715 | D:3      | Slain by an orc

Illustrated notes

Levels and vault maps discovered:
D:1:      psy_arrival_basics, layout_basic, roderic_lattice_a
D:2:      minmay_inner_zag, layout_basic, uniq_robin
D:3:      layout_loops_ring, zin_purify, yredelemnul_altar_generic,
          nicolae_figureground_pulse, uniq_ijyb, uniq_terence

Skill      XL: |  1  2  3  4  5 |
---------------+----------------+-----
Stealth        | 1 2 |  2.0
Dodging        | 3 4 |  4.1
Translocations | 1 |  1.3
Spellcasting   | 1 |  1.2
Armour         | 2 |  2.0
Polearms       | 1 |  1.4
Fighting       | |  3.8
Short Blades   | |  4.4

Action                   |  1- 3 |  4- 6 || total
-------------------------+-------+-------++-------
Melee: Short sword       |    85 |    36 ||   121
       Spear             |       |   101 ||   101
       Punch             |       |     1 ||     1
Invok: Berserk           |     3 |     3 ||     6
       Trog's Hand       |       |     1 ||     1
  Use: Scroll            |       |     5 ||     5
       Potion            |       |     5 ||     5
 Stab: Distracted        |     1 |       ||     1
       Sleeping          |     7 |     3 ||    10
Armor: Animal skin       |    17 |    16 ||    33
       Leather armour    |       |    39 ||    39
Dodge: Dodged            |    71 |   104 ||   175

Table legend: (Time is in decaauts)
 A = Elapsed time spent in this place.
 B = Non-inter-level travel time spent in this place.
 C = Inter-level travel time spent in this place.
 D = Time resting spent in this place.
 E = Time spent auto-exploring this place.
 F = Levels seen in this place.
 G = Mean time per level.
                   A        B        C        D        E       F      G
               +--------+--------+--------+--------+--------+-----+--------+
         Total |   2732 |   2732 |      0 |      0 |   1305 |   3 |  910.7 |
       Dungeon |   2732 |   2732 |      0 |      0 |   1305 |   3 |  910.7 |
               +--------+--------+--------+--------+--------+-----+--------+

Top non-repeatable levels by time:
     D:1: 1173 daAuts
     D:2: 781 daAuts
     D:3: 777 daAuts
